 Dungeon Crawl Stone Soup version 0.31-a0-806-g0bc164a743 (webtiles) character file.

Game seed: 3939145020072283533

49538 avis the Spry (level 14, -5/70 HPs)
             Began as a Felid Warper on Sept 20, 2023.
             Was an Initiate of Gozag.
             Slain by a spriggan rider
             ... wielding a +0 spear
              (25 damage)
             ... on level 5 of the Lair of Beasts.
             The game lasted 02:54:57 (30259 turns).

avis the Spry (Felid Warper)                       Turns: 30259, Time: 02:54:58

Health: -5/70      AC:  3    Str: 17    XL:     14   Next: 16%
Magic:  3/28       EV: 43    Int: 15    God:    Gozag
Gold:   4834       SH:  0    Dex: 16    Spells: 7/19 levels left
                                        Lives:  0   Deaths: 5

rFire   . .          .
                       - Unarmed
rCold   + . .        (shield unavailable)
rNeg    . . .        (body armour unavailable)
rPois   +            (helmet unavailable)
rElec   .            (cloak unavailable)
rCorr   .            (gloves unavailable)
SInv    +            (boots unavailable)
Will    ++...        r - amulet of the acrobat
Stlth   +            o - ring of poison resistance
HPRegen 0.31/turn    t - ring "Itsocz Buitt" {MP+9 Str+6}
MPRegen 0.21/turn

%: acrobat
@: blade hands, acrobatic, quick
A: very small, (claws 1), fangs 3, see invisible, speed 1, shaggy fur 3,
(stealthy paws), no weapons or thrown items, no armour, multi-lived
a: Begin Untransformation, Renounce Religion, Potion Petition, Call Merchant,
Bribe Branch


You were on level 5 of the Lair of Beasts.
You worshipped Gozag.
Gozag was most pleased with you.
You had blades for front paws.
You visited 3 branches of the dungeon, and saw 16 of its levels.
You also visited: Ossuary.

You collected 6353 gold pieces.
You spent 1025 gold pieces at shops.
You paid 494 gold pieces to Gozag.

Inventory:

Jewellery
 b - a ring of protection from cold
 o - a ring of poison resistance (left blade hand)
 p - a ring of protection from fire
 r - an amulet of the acrobat (around neck)
 t - the ring "Itsocz Buitt" (right blade hand) {MP+9 Str+6}
   (You bought it in a shop on level 1 of the Lair of Beasts)

   [ring of magical power]

   Str+6:     It affects your strength (+6).
   MP+9:      It affects your magic capacity (+9).
 w - a ring of protection from cold
 z - a +6 ring of dexterity
Talismans
 f - a flux talisman
 l - a blade talisman (active)
Wands
 n - a wand of roots (4)
 s - a wand of paralysis (2)
 F - a wand of flame (26)
Scrolls
 a - 4 scrolls of blinking
 d - 4 scrolls of teleportation
 h - 8 scrolls of fog
 k - 4 scrolls of poison
 A - a scroll of silence
 C - 3 scrolls of fear
 I - a scroll of amnesia
Potions
 c - 3 potions of lignification
 g - a potion of haste
 i - 3 potions of enlightenment
 m - 8 potions of brilliance
 q - a potion of ambrosia
 u - a potion of cancellation
 v - a potion of curing
 H - 2 potions of might
Miscellaneous
 y - a phantom mirror


   Skills:
 - Level 13.0 Fighting
 * Level 16.5 Dodging
 - Level 11.0 Unarmed Combat
 - Level 3.0 Spellcasting
 - Level 11.0 Translocations
 - Level 2.0 Transmutations
 - Level 4.0 Air Magic
 - Level 11.0 Shapeshifting


You had 7 spell levels left.
You knew the following spells:

 Your Spells              Type           Power      Damage    Failure   Level
b - Blink                 Tloc           70%        N/A       1%          2
e - Wereblood             Tmut           8%         N/A       13%         2
m - Manifold Assault      Tloc           35%        N/A       2%          4
v - Vhi's Electric Charg  Tloc/Air       48%        N/A       9%          4

Your spell library contained the following spells:

 Spells                   Type           Power      Damage    Failure   Level
 Lesser Beckoning         Tloc           70%        N/A       1%          2
 Teleport Other           Tloc           35%        N/A       1%          3
 Foxfire                  Conj/Fire      8%         2x1d4     21%         1
 Necrotise                Necr           8%         1d4       21%         1
 Sublimation of Blood     Necr           2%         N/A       30%         2
 Summon Forest            Summ/Tloc      9%         N/A       50%         5
 Stone Arrow              Conj/Erth      4%         3d7       52%         3
 Vampiric Draining        Necr           2%         2d6       52%         3
 Agony                    Necr           2%         N/A       99%         5
 Summon Mana Viper        Hex/Summ       2%         N/A       99%         5
 Plasma Beam              Fire/Air       4%         2x1d14    100%        6
 Starburst                Conj/Fire      1%         6d3       100%        6
 Summon Cactus Giant      Summ           1%         N/A       100%        6
 Summon Hydra             Summ           1%         N/A       100%        7
 Lehudib's Crystal Spear  Conj/Erth      1%         10d2      100%        8
 Animate Armour           Summ/Erth      Unusable   N/A       N/A         4

Dungeon Overview and Level Annotations

Branches:
Dungeon (10/15)            Temple (1/1) D:4            Lair (5/5) D:10
  Swamp (0/4) Lair:2       Spider (0/4) Lair:2        Slime (0/5) Lair:4
Ossuary (visited)
    Orc: D:9-12

Altars:
Ashenzari
Cheibriados
Dithmenos
Elyvilon
Fedhas
Gozag
Hepliaklqana
Kikubaaqudgha
Makhleb
Nemelex Xobeh
Okawaru
Qazlal
Ru
Sif Muna
Trog
Uskayaw
Vehumet
Wu Jian
Xom
Yredelemnul
Zin
The Shining One
Jiyva

Shops:
D:5 *   Lair:1 =

Annotations:
Lair:4 2 transporters, avis's ghost, journeyman FeWr


Innate Abilities, Weirdness & Mutations

You have blades for front paws.
((You have sharp claws.))
You have razor-sharp teeth.
You have supernaturally acute eyesight. (SInv)
You cover ground quickly. (Speed+)
Your thick and shaggy fur keeps you warm. (AC +3, rC+)
((Your paws help you pounce on unaware monsters.))
You are incapable of wielding weapons or throwing items.
You cannot wear armour.
You gain extra lives every three experience levels.


Message History

Casting: Manifold Assault (dangerous; 2% risk of failure)
Confirm with . or Enter, or press ? or * to list all spells.
You blink.
You feel ready to blink again.
Casting: Blink (safe; 1% risk of failure)
Confirm with . or Enter, or press ? or * to list all spells.
Space momentarily warps into an impossible shape!
You shred the black bear!!!
You kill the black bear!
The spriggan rider misses you.
Aiming: Paralyse
Press: ? - help, Shift-Dir - straight line, f - spriggan rider
Aim: a spriggan rider, wielding a +0 spear (moderately wounded, chance to affect: 1%)
The spriggan rider resists with almost no effort.
The spriggan rider completely misses you.
Aiming: Fastroot
Press: ? - help, Shift-Dir - straight line, f/p - spriggan rider
Aim: a spriggan rider, wielding a +0 spear (moderately wounded)
The roots erupt in riotous growth!
Roots grab the spriggan rider.
The grasping roots constrict the spriggan rider.
The spriggan rider completely misses you.
The grasping roots constrict the spriggan rider.
The spriggan rider struggles to escape constriction.
The grasping roots constrict the spriggan rider!
The roots release their grip on the spriggan rider.
Casting: Manifold Assault (dangerous; 2% risk of failure)
Confirm with . or Enter, or press ? or * to list all spells.
Okay, then.
The spriggan rider attacks as it pursues you!
The spriggan rider completely misses you.
The spriggan rider misses you. The spriggan rider misses you.
Things that are here:
a +0 heavy war axe; a +0 robe of willpower
Things that are here:
a +0 short sword; a +0 robe; a +0 buckler The spriggan rider hits you from afar with a +0 spear!!
You die...
Your body crumbles into a pile of gold.

...#.#...[.##.....≈~~≈≈≈~........
...###.....##.......~~~~........
...##.....####.#................
#.####.....######.#.............
#.# #.....#.#.#####.............
.+###........#...##.............
................<...............
................................
................@...............
..................$.............
.####.....$##.i#####...........
P#####.....P###)####.............
##.#.......###.)#.##.............
....##......#....##..............
............##...)#..............
...##......###.....#.............
...#.......#.###.##..............


You could see a spriggan rider.

Vanquished Creatures
  4 hydras
  A boulder beetle (Lair:2)
  5 death yaks
  2 skysharks
  A will-o-the-wisp (Lair:2)
  5 black mambas
  12 elephants
  Joseph (D:9)
  8 cane toads
  7 rime drakes
  11 komodo dragons
  Psyche (D:8)
  2 ice devils (Lair:2)
  A troll (D:7)
  6 polar bears
  12 blink frogs
  18 dream sheep
  Sigmund (D:1)
  2 shadows
  5 spriggans (Lair:5)
  4 wyverns
  2 steam dragons
  A wraith (D:7)
  61 yaks
  Grum (D:8)
  2 basilisks
  18 water moccasins
  4 ice beasts
  2 orc warriors (D:7)
  4 black bears
  3 ogres
  A boggart (Lair:5)
  38 wolves
  3 centaurs
  An elf zombie (Ossuary)
  5 kobold brigands
  2 phantoms (D:5)
  4 bullfrogs (Lair:3)
  A gnoll sergeant (D:7)
  A scorpion (D:7)
  4 wights
  18 killer bees
  The ghost of riojii the Insei, a weakling OpSh (D:3)
  8 howler monkeys
  3 electric eels (D:10)
  A centaur zombie (Ossuary)
  8 orc priests
  A water moccasin simulacrum (D:3)
  4 gnoll boudas
  2 hounds (D:4)
  4 jellies
  4 iguanas
  Jessica (D:2)
  2 sleepcaps (D:5)
  14 orc wizards
  11 hell rats
  A centaur simulacrum (D:10)
  2 mummies (Ossuary)
  Robin (D:2)
  11 gnolls
  8 adders
  8 river rats (Lair:2)
  A hound simulacrum (D:3)
  7 white imps
  2 howler monkey simulacra (D:10)
  3 ufetubi
  An adder zombie (Ossuary)
  7 worms
  3 dart slugs
  2 adder simulacra (D:3)
  31 orcs
  7 ball pythons
  4 endoplasms
  6 giant cockroaches
  24 goblins
  8 hobgoblins
  2 jackals (D:2)
  2 quokkas (D:1)
  2 ball python simulacra (D:3)
  2 bats
  A frilled lizard (D:2)
  A goblin zombie (Ossuary)
  13 hobgoblin zombies (Ossuary)
  2 jackal zombies (Ossuary)
  26 kobolds
  5 kobold zombies (Ossuary)
  8 orc zombies (Ossuary)
  8 rats
  5 rat zombies (Ossuary)
563 creatures vanquished.

Vanquished Creatures (others)
  5 foxfires (Lair:2)
5 creatures vanquished.

Grand Total: 568 creatures vanquished

Notes
Turn   | Place    | Note
-------+----------+-------------------------------------------
     0 | D:1      | avis the Felid Warper began the quest for the Orb.
     0 | D:1      | Reached XP level 1. HP: 9/9 MP: 4/4
   265 | D:1      | Reached skill level 4 in Dodging
   272 | D:1      | Reached XP level 2. HP: 9/13 MP: 6/6
   325 | D:1      | Learned a level 2 spell: Blink
  1016 | D:2      | Reached XP level 3. HP: 17/17 MP: 7/7
  1063 | D:2      | Noticed Jessica
  1068 | D:2      | Killed Jessica
  1228 | D:2      | Noticed Sigmund
  1267 | D:2      | Reached XP level 4. HP: 20/21 MP: 8/8
  1367 | D:2      | Reached skill level 5 in Dodging
  1662 | D:2      | Noticed Robin
  1682 | D:2      | Killed Robin
  1975 | D:2      | Learned a level 4 spell: Vhi's Electric Charge
  1987 | D:3      | Found an opulent altar of Gozag.
  1997 | D:3      | Became a worshipper of Gozag Ym Sagoz the Greedy
  2219 | D:3      | Reached XP level 5. HP: 24/24 MP: 9/9
  2228 | D:3      | Found a shadowy altar of Dithmenos.
  2517 | D:3      | Noticed riojii's ghost (weakling OpSh)
  2565 | D:3      | Found a runed translucent gate.
  2565 | D:3      | Found a runed translucent gate.
  2565 | D:3      | Found a runed translucent gate.
  2642 | D:3      | Found a snail-covered altar of Cheibriados.
  2773 | D:3      | Reached skill level 6 in Dodging
  2864 | D:3      | HP: 1/24 [acid (9)]
  3090 | D:4      | Identified a scroll of acquirement
  3090 | D:4      | Acquired 1070 gold pieces
  3205 | D:4      | Found a sand-covered staircase.
  3212 | Ossuary  | Entered an ossuary
  3937 | Ossuary  | Slain by a mummy
  4198 | Ossuary  | HP: 1/24 [elf zombie (5)]
  4291 | Ossuary  | Reached skill level 7 in Dodging
  4291 | Ossuary  | Gained mutation: You are covered in thick fur. (AC +2)
                  | [Felid growth]
  4291 | Ossuary  | Reached XP level 6. HP: 22/28 MP: 10/10
  4401 | D:4      | Found a staircase to the Ecumenical Temple.
  4416 | Temple   | Entered the Ecumenical Temple
  5244 | D:5      | Entered Level 5 of the Dungeon
  5394 | D:4      | Reached skill level 8 in Dodging
  5569 | D:5      | Reached XP level 7. HP: 33/33 MP: 11/11
  5928 | D:5      | Reached skill level 5 in Fighting
  6753 | D:5      | Reached skill level 9 in Dodging
  7017 | D:5      | Found Haenol's General Store.
  7023 | D:5      | Bought a potion of degeneration for 14 gold pieces
  7023 | D:5      | Bought a scroll of teleportation for 42 gold pieces
  7201 | D:1      | Killed Sigmund
  7202 | D:1      | Reached XP level 8. HP: 33/37 MP: 12/12
  8025 | D:5      | Reached skill level 5 in Shapeshifting
  8069 | D:5      | Killed from afar by an orc priest
  8581 | D:6      | Found a glowing golden altar of the Shining One.
  9129 | D:6      | Found a shimmering altar of Xom.
  9359 | D:3      | Reached XP level 9. HP: 21/41 MP: 13/13
  9444 | D:3      | Killed riojii's ghost
  9499 | D:3      | Reached skill level 10 in Dodging
 10494 | D:7      | Found a broken altar of Ashenzari.
 10690 | D:7      | Reached skill level 11 in Dodging
 10825 | D:7      | Found a glowing silver altar of Zin.
 10962 | D:7      | Noticed a troll
 11009 | D:7      | Killed a troll
 11728 | D:7      | Reached skill level 12 in Dodging
 12191 | D:7      | HP: 1/41 [white imp/puff of frost (9)]
 12212 | D:7      | HP: 1/41 [poisoned by a kobold brigand]
 12370 | D:7      | Reached XP level 10. HP: 43/45 MP: 14/14
 12726 | D:7      | Reached skill level 10 in Shapeshifting
 13044 | D:8      | Killed from afar by an orc priest
 13090 | D:8      | Found an ornate altar of the Wu Jian Council.
 13092 | D:8      | Noticed Psyche
 13121 | D:8      | Killed Psyche
 13552 | D:8      | Noticed Grum
 13601 | D:8      | Killed Grum
 14086 | D:8      | Found a hazy altar of Hepliaklqana.
 14161 | D:8      | Found a burning altar of Makhleb.
 14226 | D:8      | Learned a level 4 spell: Manifold Assault
 14264 | D:9      | Found a hide-covered altar of Uskayaw.
 14354 | D:9      | Found a stormy altar of Qazlal.
 14602 | D:9      | Reached skill level 5 in Translocations
 14642 | D:9      | Reached skill level 1 in Air Magic
 15060 | D:9      | Found a sparkling altar of Nemelex Xobeh.
 15276 | D:9      | Noticed Joseph
 15307 | D:9      | Slain by Joseph
 15350 | D:9      | Killed Joseph
 15488 | D:9      | Reached XP level 11. HP: 39/54 MP: 15/15
 15501 | D:9      | Reached skill level 10 in Fighting
 15738 | D:10     | Entered Level 10 of the Dungeon
 15895 | D:10     | Noticed a death yak
 15953 | D:10     | Killed a death yak
 16024 | D:10     | Reached skill level 13 in Dodging
 16548 | D:10     | Found a staircase to the Lair.
 17994 | Lair:1   | Entered Level 1 of the Lair of Beasts
 18442 | D:10     | Reached skill level 14 in Dodging
 19008 | Lair:1   | Gained mutation: Your thick and shaggy fur keeps you warm.
                  | (AC +3, rC+) [Felid growth]
 19008 | Lair:1   | Reached XP level 12. HP: 14/61 MP: 16/16
 19293 | Lair:1   | Reached skill level 15 in Dodging
 19367 | Lair:1   | Reached skill level 5 in Unarmed Combat
 21397 | Lair:2   | Found a hole to the Spider Nest.
 21412 | Lair:2   | Noticed a seven-headed hydra
 21413 | Lair:2   | Noticed a five-headed hydra
 21899 | Lair:2   | Killed a seven-headed hydra
 22154 | Lair:2   | You fall into a shaft and drop 1 floor!
 22216 | Lair:2   | Found a staircase to the Swamp.
 22285 | Lair:2   | Noticed a boulder beetle
 22312 | Lair:2   | Killed a boulder beetle
 22313 | Lair:2   | Reached skill level 10 in Unarmed Combat
 23203 | Lair:3   | Noticed an eight-headed hydra
 23215 | Lair:3   | Killed an eight-headed hydra
 23216 | Lair:3   | Reached XP level 13. HP: 64/64 MP: 1/17
 23370 | Lair:3   | Reached skill level 10 in Translocations
 25110 | Lair:3   | Learned a level 2 spell: Wereblood
 25272 | Lair:4   | Found a transporter.
 25608 | Lair:4   | Noticed avis's ghost (journeyman FeWr)
 25757 | Lair:4   | Found a transporter.
 25791 | Lair:4   | HP: 2/64 [death yak (28)]
 26138 | Lair:4   | Reached skill level 16 in Dodging
 26285 | Lair:4   | Found a staircase to the Slime Pits.
 26286 | Lair:4   | Found a viscous altar of Jiyva.
 26601 | Lair:4   | Reached skill level 1 in Transmutations
 27064 | Lair:1   | Bought the ring "Itsocz Buitt" {MP+9 Str+6} for 594 gold
                  | pieces
 27064 | Lair:1   | Bought a ring of protection from cold for 375 gold pieces
 27128 | Lair:5   | Entered Level 5 of the Lair of Beasts
 29623 | Lair:5   | Mangled by a dream sheep
 29704 | Lair:5   | Reached XP level 14. HP: 47/70 MP: 19/19
 30259 | Lair:5   | Slain by a spriggan rider

Illustrated notes

Levels and vault maps discovered:
D:1:      minmay_arrival_floating_metal, layout_loops_cross, minmay_pentomino_s4
D:2:      layout_basic, uniq_jessica, uniq_sigmund, uniq_robin
D:3:      layout_loops_ring, cheibrodos_worm_habitat, lemuel_doored_altar,
          mainiacjoe_overflow_small_starburst, gammafunk_ghost_icy,
          nicolae_concentric_dashed_squares_wild, minmay_strange_pillars
D:4:      layout_basic, minmay_temple_entry_glass, enter_ossuary_5,
          minmay_ogre_servants
D:5:      layout_basic, serial_shops, nicolae_shop_statue_plus, hellmonk_no_cap
D:6:      layout_basic, nicolae_overflow_crystal_walls,
          mainiacjoe_overflow_brackets, nicolae_kite_square_tiling_tiny
D:7:      kennysheep_windowed_halls, layout_loops_corners, zin_treasury,
          ashenzari_altar_1
D:8:      layout_rooms, worldfamousw_hep_ancestral_shrine, minitemple,
          uniq_grum, uniq_psyche
D:9:      layout_loops_ring, mainiacjoe_overflow_catch_the_wave,
          nicolae_qazlal_style_of_elements, uniq_joseph
D:10:     layout_irregular_city, dpeg_oklobed_lair, serial_ice, serial_ice_o,
          serial_ice_c, serial_ice_j, serial_ice_h, serial_ice_m, serial_ice_n,
          nicolae_water_bricks, minmay_misc_feat_diagonals
Temple:   grunt_temple_mini_profane
Lair:1:   layout_cave_pods
Lair:2:   layout_hall_layers, minmay_swamp_entry_wisps, dummy_spider_entry,
          portal_ice_cave_demonic_guard, kennysheep_rathole
Lair:3:   layout_big_grid
Lair:4:   layout_hall_layers, slime_entry_1, nzn_ghost_randoct, serial_forest,
          infiniplex_forest_lined_corner, infiniplex_forest_corner_1,
          infiniplex_forest_end_2, infiniplex_forest_clump_long,
          infiniplex_forest_lined_ring, infiniplex_forest_clump_curved,
          infiniplex_forest_lined_room_, infiniplex_forest_lined_4_way
Lair:5:   minmay_lair_end_enchanted_forest, layout_regular_city,
          infiniplex_staircase_pool

Skill      XL: |  1  2  3  4  5  6  7  8  9 10 11 12 13 14 |
---------------+-------------------------------------------+-----
Dodging        | 4 5 7 8 9 12 14 15 16 | 16.5
Fighting       | 3 4 5 6 9 12 13 | 13.0
Unarmed Combat | 3 4 10 11 | 11.0
Shapeshifting  | 4 7 9 10 11 | 11.0
Translocations | 5 9 11 | 11.0
Air Magic      | 2 4 |  4.0
Spellcasting   | 3 |  3.0
Transmutations | 2 |  2.0

Action                     |  1- 3 |  4- 6 |  7- 9 | 10-12 | 13-15 || total
---------------------------+-------+-------+-------+-------+-------++-------
  Melee: Unarmed           |   104 |   451 |   553 |  1033 |   493 ||  2634
         Bite              |    10 |    60 |    83 |   123 |    56 ||   332
         Punch             |     1 |    15 |     3 |    40 |    28 ||    87
   Cast: Blink             |     1 |     2 |     2 |     1 |     3 ||     9
         Manifold Assault  |       |       |       |    21 |   138 ||   159
         Vhi's Electric Ch |       |       |       |       |     1 ||     1
 Invoke: Call Merchant     |       |       |       |       |     1 ||     1
  Evoke: Wand              |       |       |     6 |    23 |     3 ||    32
         Phantom mirror    |       |       |       |     1 |       ||     1
    Use: Scroll            |       |     7 |     4 |     6 |     1 ||    18
         Potion            |       |     2 |     8 |     6 |     1 ||    17
   Stab: Sleeping          |     1 |     1 |       |     2 |       ||     4
         Distracted        |       |     2 |     2 |     4 |     2 ||    10
         Paralysed         |       |       |       |    20 |       ||    20
         Invisible         |       |       |       |     3 |     6 ||     9
 Armour: Skin              |    28 |   109 |   187 |   254 |   104 ||   682
  Dodge: Dodged            |    64 |   252 |   518 |   972 |   426 ||  2232
   Form: Flux              |       |       |     3 |       |       ||     3
         Blade             |       |       |     2 |     1 |       ||     3

Table legend: (Time is in decaauts)
 A = Elapsed time spent in this place.
 B = Non-inter-level travel time spent in this place.
 C = Inter-level travel time spent in this place.
 D = Time resting spent in this place.
 E = Time spent auto-exploring this place.
 F = Levels seen in this place.
 G = Mean time per level.
                   A        B        C        D        E       F      G
               +--------+--------+--------+--------+--------+-----+--------+
         Total |  27167 |  25270 |   1897 |  10524 |   6703 |  17 | 1598.1 |
       Dungeon |  15730 |  14449 |   1281 |   5322 |   4496 |  10 | 1573.0 |
        Temple |     17 |     15 |      2 |     10 |      0 |   1 |   17.0 |
          Lair |  10421 |   9808 |    613 |   4980 |   2207 |   5 | 2084.2 |
       Ossuary |    998 |    998 |      0 |    210 |      0 |   1 |  998.0 |
               +--------+--------+--------+--------+--------+-----+--------+

Top non-repeatable levels by time:
  Lair:4: 2919 daAuts
    D:10: 2573 daAuts
  Lair:3: 2482 daAuts
  Lair:1: 2458 daAuts
     D:6: 2009 daAuts
     D:7: 2006 daAuts
     D:4: 1692 daAuts
     D:9: 1572 daAuts
     D:5: 1507 daAuts
     D:3: 1306 daAuts
  Lair:2: 1283 daAuts
  Lair:5: 1277 daAuts
     D:2: 1082 daAuts
     D:8: 1059 daAuts
 Ossuary: 998 daAuts
